[Event "Titled Tuesday Blitz December 13 Early 2022"]
[White "Walentukiewicz, Michal"]
[Black "Pein, Jonathan"]
[WhiteFideId "1126903"]
[BlackFideId "417092"]
[WhiteElo "2028"]
[BlackElo "2225"]
[Result "0-1"]
[Round "08"]
[TimeControl "180+1"]
[Date "2022.12.14"]
[WhiteClock "0:01:42"]
[BlackClock "0:01:39"]

1. g3 d5 2. Bg2 Nf6 3. c4 dxc4 4. Qa4+ Bd7 5. Qxc4 Bc6 6. Nf3 e5 7. Nxe5 Bd5 8. Bxd5 Qxd5 9. Qxd5 Nxd5 10. Nc3 Nb4 11. O-O Bd6 12. Nf3 N8c6 13. a3 Nc2 14. Rb1 N2d4 15. Nxd4 Nxd4 16. e3 Nb3 17. d4 O-O-O 18. Ne4 Be7 19. Nd2 Nxd2 20. Bxd2 c5 21. Bc3 Bf6 22. Rbc1 cxd4 23. Bxd4+ Kb8 24. Bxf6 gxf6 25. Rfd1 b6 26. Kg2 Kb7 27. Kf3 Rxd1 28. Rxd1 Kc7 29. Kf4 Re8 30. Kf5 Re6 31. Rd4 Rc6 32. b3 Rc2 33. Rc4+ Rxc4 34. bxc4 Kc6 35. Kxf6 Kc5 36. Kxf7 Kxc4 37. Kf6 a5 38. e4 b5 39. e5 b4 40. axb4 a4 41. e6 a3 42. e7 a2 43. e8=Q a1=Q+ 44. Qe5 Qf1 45. Qc5+ Kb3 46. b5 Qh3 47. b6 Qh6+ 48. Ke5 Qg5+ 49. Kd6 Qd8+ 50. Kc6 Qc8+ 51. Kd5 Qf5+ 52. Kd6 Qf8+ 53. Kc7 Qxc5+ 0-1


[Site "https://www.chess.com"]

[Event "Titled Tuesday Blitz December 13 Early 2022"]
[White "Weetik, Vjacheslav"]
[Black "Grunberg, Mihai-Lucian"]
[WhiteFideId "4153472"]
[BlackFideId "1204149"]
[WhiteElo "2469"]
[BlackElo "2363"]
[Result "1-0"]
[Round "08"]
[TimeControl "180+1"]
[Date "2022.12.14"]
[WhiteClock "0:00:08"]
[BlackClock "0:00:35"]

1. d4 f5 2. g3 Nf6 3. Bg2 g6 4. c3 Bg7 5. Qb3 d5 6. Nh3 c6 7. Nd2 Qb6 8. Nf4 O-O 9. O-O e6 10. Nf3 Ne4 11. Nd3 Nd7 12. Bf4 Re8 13. Rfd1 Qxb3 14. axb3 b6 15. b4 Bb7 16. Nfe5 Nxe5 17. Bxe5 Bxe5 18. Nxe5 Nd6 19. Ra2 Nf7 20. Nd3 e5 21. dxe5 Nxe5 22. Nxe5 Rxe5 23. e3 a6 24. b3 b5 25. Rc2 Kf7 26. c4 bxc4 27. bxc4 dxc4 28. Rd7+ Re7 29. Rxb7 Rxb7 30. Bxc6 Raa7 31. Bxb7 Rxb7 32. Rxc4 h6 33. h4 Rb6 34. Kg2 Kf6 35. Kf3 g5 36. hxg5+ hxg5 37. g4 fxg4+ 38. Kxg4 Kg6 39. f3 Kf6 40. e4 Kg6 41. Rc5 Rxb4 42. Rc6+ Kf7 43. Rxa6 Rb5 44. Rd6 Ke7 45. Rd5 Rb1 46. Kxg5 Ke6 47. Kf4 Rf1 48. Ra5 Rh1 49. Ra6+ Ke7 50. Kg4 Kf7 51. f4 Rg1+ 52. Kf5 Rh1 53. Ra7+ Kf8 54. e5 Ke8 55. Ke6 Rh6+ 56. Kd5 Rh1 57. f5 Rh6 58. f6 Rh1 59. Ke6 Kd8 60. Ra8+ Kc7 61. f7 1-0


[Site "https://www.chess.com"]

[Event "Titled Tuesday Blitz December 13 Early 2022"]
[White "Winkels, Marcel"]
[Black "Buchenau, Frank"]
[WhiteFideId "1003887"]
[BlackFideId "4604350"]
[WhiteElo "1900"]
[BlackElo "2157"]
[Result "0-1"]
[Round "08"]
[TimeControl "180+1"]
[Date "2022.12.14"]
[WhiteClock "0:00:13"]
[BlackClock "0:00:59"]

1. d4 e6 2. Nc3 Nf6 3. Bf4 d5 4. e3 a6 5. Nf3 c5 6. a3 Nc6 7. Bd3 Bd6 8. Bg3 O-O 9. O-O b5 10. dxc5 Bxc5 11. b4 Bd6 12. e4 Bxg3 13. hxg3 d4 14. Ne2 e5 15. c3 Bg4 16. Qc2 Rc8 17. Qb2 dxc3 18. Qxc3 Nd4 19. Qd2 Nb3 20. Qe3 Nxa1 21. Rxa1 Qe7 22. Nh4 Rfd8 23. f3 Be6 24. g4 Nxg4 25. fxg4 Qxh4 26. g5 Bc4 27. Rd1 Bxd3 28. Rxd3 Rxd3 29. Qxd3 Qxg5 30. Ng3 Rc1+ 31. Kf2 Qf4+ 32. Ke2 g6 33. a4 h5 34. axb5 axb5 35. Qe3 Rc2+ 36. Ke1 Qxe3+ 0-1


[Site "https://www.chess.com"]

[Event "Titled Tuesday Blitz December 13 Early 2022"]
[White "Winterberg, Lukas"]
[Black "Ansh M Shah"]
[WhiteFideId "24622702"]
[BlackFideId "25033379"]
[WhiteElo "2350"]
[BlackElo "2084"]
[Result "0-1"]
[Round "08"]
[TimeControl "180+1"]
[Date "2022.12.14"]
[WhiteClock "0:00:13"]
[BlackClock "0:00:04"]

1. d4 Nf6 2. Nf3 e6 3. c4 d5 4. Nc3 Be7 5. Bg5 O-O 6. e3 c6 7. Be2 Nbd7 8. O-O dxc4 9. Bxc4 b5 10. Bd3 Bb7 11. e4 a6 12. e5 Nd5 13. Bxe7 Nxe7 14. Nd5 Nxd5 15. h4 f5 16. exf6 N5xf6 17. Re1 c5 18. Ng5 c4 19. Nxe6 Qb6 20. Nxf8 Rxf8 21. Bf5 Nb8 22. Be6+ Kh8 23. d5 Nxd5 24. Bxd5 Qxf2+ 25. Kh2 Qxh4+ 26. Kg1 Qf2+ 27. Kh2 Qf4+ 28. g3 Qf2+ 29. Kh1 Bxd5+ 30. Qxd5 Qxg3 31. Qg2 Qh4+ 32. Qh2 Qd4 33. Rad1 Qb6 34. Qd6 Qb7+ 35. Kg1 Rg8 36. Re7 Qf3 37. Rde1 Nc6 38. Re8 Qg4+ 39. Kf2 Qh4+ 40. Qg3 Qd4+ 41. Kg2 Qxb2+ 42. R1e2 Qf6 43. Rxg8+ Kxg8 44. Rf2 Qe6 45. Qc7 Qd5+ 46. Kg1 h6 47. Qc8+ Kh7 48. Qxa6 Qd1+ 49. Kh2 Qh5+ 50. Kg2 Qg6+ 51. Kh1 Qe4+ 52. Rg2 Nd4 53. Qd6 Qe1+ 54. Kh2 Qh4+ 55. Kg1 Nf3+ 56. Kf1 Qe1# 0-1


[Site "https://www.chess.com"]

[Event "Titled Tuesday Blitz December 13 Early 2022"]
[White "Xu, Yi"]
[Black "Csonka, Balazs"]
[WhiteFideId "8605564"]
[BlackFideId "742910"]
[WhiteElo "2471"]
[BlackElo "2404"]
[Result "1-0"]
[Round "08"]
[TimeControl "180+1"]
[Date "2022.12.13"]
[WhiteClock "0:00:08"]
[BlackClock "0:00:01"]

1. e4 e6 2. d4 d5 3. e5 c5 4. c3 Nc6 5. Nf3 Bd7 6. Be2 Nge7 7. Na3 cxd4 8. cxd4 Nf5 9. Nc2 Qb6 10. O-O Rc8 11. g4 Nfe7 12. Rb1 Nb4 13. Nxb4 Qxb4 14. a3 Qb6 15. Be3 Bb5 16. Rc1 Nc6 17. b4 a6 18. Bxb5 Qxb5 19. Ne1 Be7 20. f4 O-O 21. f5 f6 22. exf6 Rxf6 23. Bg5 Rf7 24. Bxe7 Nxe7 25. Rxc8+ Nxc8 26. Nd3 exf5 27. Ne5 Rf6 28. Rxf5 Rxf5 29. gxf5 Qb6 30. Qg4 Ne7 31. Kg2 Qf6 32. Qh5 g6 33. fxg6 hxg6 34. Qg4 Kg7 35. Qd7 Qg5+ 36. Kf3 Qf6+ 37. Ke2 Kf8 38. Qxb7 Qh4 39. Qxa6 Qxh2+ 40. Kd3 Qg3+ 41. Kc2 Qf2+ 42. Kb3 Qxd4 43. Qf6+ Kg8 44. Qxe7 Qe3+ 45. Ka4 1-0


[Site "https://www.chess.com"]

[Event "Titled Tuesday Blitz December 13 Early 2022"]
[White "Yeremyan, Alen"]
[Black "Torres Cueto, Jesus Marcial"]
[WhiteFideId "13308998"]
[BlackFideId "4415280"]
[WhiteElo "2159"]
[BlackElo "2022"]
[Result "1-0"]
[Round "08"]
[TimeControl "180+1"]
[Date "2022.12.14"]
[WhiteClock "0:02:09"]
[BlackClock "0:00:17"]

1. c4 Nf6 2. Nc3 e5 3. e4 Be7 4. g3 O-O 5. Bg2 Nc6 6. Nge2 Nd4 7. O-O c6 8. Nxd4 exd4 9. Ne2 Bc5 10. d3 d5 11. cxd5 cxd5 12. e5 Ng4 13. f4 h5 14. h3 Nh6 15. Kh2 h4 16. g4 Bxg4 17. hxg4 Nxg4+ 18. Kh1 h3 19. Bf3 Qh4 20. Bxg4 Qxg4 21. Rf2 f6 22. Bd2 fxe5 23. Qg1 Qxg1+ 24. Rxg1 e4 25. Rh2 e3 26. Bc1 Bd6 27. Rxh3 Bxf4 28. Nxd4 Rae8 29. Ne2 d4 30. Rh4 Be5 31. Nxd4 Bxd4 32. Rxd4 e2 33. Re4 Rxe4 34. dxe4 Rf1 35. Bd2 Rd1 36. Be1 Kf7 37. Kg2 Rb1 38. b3 Rb2 39. Kf2 Rxa2 40. Rg3 Rb2 41. Re3 Ke6 42. b4 a6 43. Rxe2 Rb3 44. Re3 Rb2+ 45. Kf3 b6 46. Bc3 Rb1 47. Rd3 g6 48. e5 a5 49. bxa5 bxa5 50. Rd6+ Kf5 51. Rf6+ Kg5 52. Bd2+ Kh5 53. Bxa5 Rf1+ 54. Ke4 Re1+ 55. Bxe1 1-0


[Site "https://www.chess.com"]

[Event "Titled Tuesday Blitz December 13 Early 2022"]
[White "Yilmaz, Mustafa"]
[Black "Fedoseev, Vladimir"]
[WhiteFideId "6302718"]
[BlackFideId "24130737"]
[WhiteElo "2564"]
[BlackElo "2733"]
[Result "1-0"]
[Round "08"]
[TimeControl "180+1"]
[Date "2022.12.13"]
[WhiteClock "0:00:09"]
[BlackClock "0:00:02"]

1. d4 Nf6 2. c4 g6 3. Nc3 Bg7 4. e4 d6 5. Be2 O-O 6. Nf3 e5 7. O-O h6 8. Re1 Nbd7 9. Qc2 Re8 10. dxe5 dxe5 11. Be3 Ng4 12. Bd2 Nc5 13. Rad1 Bd7 14. h3 Nf6 15. Be3 Na6 16. c5 Qc8 17. a3 Nb8 18. b4 Kh7 19. Bc4 Re7 20. Qb3 Qe8 21. b5 c6 22. a4 Be6 23. Nxe5 Nbd7 24. Nxd7 Nxd7 25. Nd5 cxd5 26. exd5 Bf5 27. d6 Nxc5 28. Qb4 Re5 29. Bxc5 Qd7 30. Rxe5 Bxe5 31. Re1 Re8 32. Qd2 Bf4 33. Rxe8 Bxd2 34. Re7 b6 35. Bd4 Bb4 36. Rxd7 Bxd7 37. Bxf7 Bxd6 38. g4 h5 39. f3 hxg4 40. hxg4 Bc8 41. Bd5 Bd7 42. Kf2 Kh6 43. Ke3 Kg5 44. Ke4 Kh4 45. Bf6+ Kh3 46. Be5 Be7 47. Bb8 Bc5 48. Bxa7 1-0


[Site "https://www.chess.com"]

[Event "Titled Tuesday Blitz December 13 Early 2022"]
[White "Agasarov, Benik"]
[Black "Sjugirov, Sanan"]
[WhiteFideId "13314823"]
[BlackFideId "4189302"]
[WhiteElo "2179"]
[BlackElo "2613"]
[Result "0-1"]
[Round "09"]
[TimeControl "180+1"]
[Date "2022.12.13"]
[WhiteClock "0:00:06"]
[BlackClock "0:00:10"]

1. d4 Nf6 2. c4 e6 3. Nc3 Bb4 4. Nf3 b6 5. Bd2 Bb7 6. g3 O-O 7. Bg2 d6 8. O-O Nbd7 9. b3 a5 10. a3 Bxc3 11. Bxc3 Ne4 12. Bb2 f5 13. b4 Qe7 14. Qc2 Ndf6 15. Rfc1 c5 16. dxc5 bxc5 17. bxc5 Nxc5 18. Bd4 Be4 19. Qc3 Nfd7 20. Be3 a4 21. Nd4 Bxg2 22. Kxg2 e5 23. Nc6 Qe6 24. Rd1 f4 25. Bxc5 Nxc5 26. f3 Rac8 27. Na7 Rcd8 28. Nb5 e4 29. Nd4 Qg6 30. Nc6 Rde8 31. Qd2 Re6 32. Qd5 Kh8 33. Ra2 fxg3 34. hxg3 exf3+ 35. exf3 Ref6 36. Rf1 Ne4 37. g4 Nc3 38. Qd2 Nxa2 39. Qxa2 Qd3 40. Qf2 Qxc4 41. Ne7 Rxf3 42. Qxf3 Rxf3 43. Rxf3 Qe2+ 44. Kg3 Qxe7 45. Kf2 h6 46. Re3 Qf6+ 47. Rf3 Qg6 48. Rf8+ Kh7 49. Kg3 h5 50. Rf4 Qg5 51. Rxa4 Qe3+ 52. Kh4 hxg4 53. Rxg4 d5 54. Rg5 d4 55. Rg3 Qf2 56. Kg4 d3 57. Rxd3 Qe2+ 58. Rf3 Kg6 59. Kf4 Kf6 60. Kg3+ Kg5 61. Rf2 Qe3+ 62. Rf3 Qg1+ 63. Kh3 Qg4+ 64. Kh2 Qxf3 65. a4 Kg4 66. a5 Qf2+ 67. Kh1 Kg3 0-1


[Site "https://www.chess.com"]

[Event "Titled Tuesday Blitz December 13 Early 2022"]
[White "Akylbekov, Nasyr"]
[Black "Derraugh, Geordie"]
[WhiteFideId "13800353"]
[BlackFideId "2603950"]
[WhiteElo "2310"]
[BlackElo "2082"]
[Result "0-1"]
[Round "09"]
[TimeControl "180+1"]
[Date "2022.12.14"]
[WhiteClock "0:00:36"]
[BlackClock "0:00:09"]

1. e4 e6 2. d4 d5 3. Nc3 Bb4 4. a3 Bxc3+ 5. bxc3 dxe4 6. Qg4 Nf6 7. Qxg7 Rg8 8. Qh6 c5 9. Ne2 Bd7 10. Bb2 Ba4 11. O-O-O Nbd7 12. h3 Qc7 13. c4 O-O-O 14. g4 cxd4 15. Nxd4 Rg6 16. Qe3 Nb6 17. Qc3 h5 18. Qa5 e5 19. c5 exd4 20. Rd2 e3 21. fxe3 Ne4 22. Rxd4 Qxc5 23. Rxd8+ Kxd8 24. Qxc5 Nxc5 25. Bd4 Ne6 26. gxh5 Rh6 27. Be2 Nxd4 28. exd4 Nd5 29. Rf1 Ke7 30. c4 Nf6 31. Rf5 Bd7 32. Re5+ Kf8 33. Bf3 b6 34. a4 Bxh3 35. a5 Bg4 36. Bxg4 Nxg4 37. Rg5 Nf6 38. axb6 axb6 39. c5 bxc5 40. dxc5 Rxh5 41. Rxh5 Nxh5 42. Kd2 Ke7 43. Ke3 Ke6 44. Ke4 Nf6+ 45. Kd4 Ne8 46. Ke4 Nc7 47. Kd4 f5 48. c6 Kd6 49. Ke3 Ne6 50. c7 Kxc7 0-1


[Site "https://www.chess.com"]

[Event "Titled Tuesday Blitz December 13 Early 2022"]
[White "Albertini, Luca"]
[Black "Yurasova, Daria"]
[WhiteFideId "847038"]
[BlackFideId "34146919"]
[WhiteElo "2207"]
[BlackElo "2098"]
[Result "0-1"]
[Round "09"]
[TimeControl "180+1"]
[Date "2022.12.14"]
[WhiteClock "0:00:04"]
[BlackClock "0:00:13"]

1. e4 e5 2. Nf3 Nc6 3. Bc4 Bc5 4. b4 Bxb4 5. c3 Be7 6. d4 Na5 7. Bd3 d6 8. h3 Nf6 9. Qa4+ c6 10. O-O O-O 11. Rd1 b5 12. Qc2 Qc7 13. a4 Bd7 14. Ba3 Rfe8 15. Nbd2 a6 16. Nf1 Nb7 17. Ne3 Bf8 18. Qa2 Be6 19. Qe2 Na5 20. Ng5 Bc4 21. Nxc4 Nxc4 22. Bxc4 bxc4 23. Qxc4 h6 24. dxe5 Rxe5 25. f4 Ree8 26. e5 dxe5 27. Bxf8 Rxf8 28. fxe5 Qxe5 29. Nf3 Qe3+ 30. Kh1 Ne4 31. Re1 Nf2+ 32. Kh2 Qb6 33. Rab1 Qc7+ 34. Kg1 Qg3 35. Qh4 Qxh4 36. Nxh4 Nd3 37. Re7 Rab8 38. Rbb7 Rxb7 39. Rxb7 Nc5 40. Rb6 Ra8 41. a5 Rc8 42. Nf5 Rc7 43. Nd4 Ne4 44. Rxc6 Rxc6 45. Nxc6 Nxc3 46. Nb4 Ne2+ 47. Kf2 Nd4 48. Nxa6 Nb3 49. Nc7 Nxa5 50. Nd5 Nc6 51. Ne3 g6 52. Ke2 Kg7 53. Kf2 f5 54. Ke2 Kf6 55. Kf3 Nd4+ 56. Kf2 g5 57. Nd5+ Ke5 58. Ne3 h5 59. Nc4+ Kf6 60. Nd6 f4 61. Ne4+ Kf5 62. Nd6+ Kg6 63. Ne4 Ne6 64. g3 Kf5 65. Nd6+ Ke5 66. Nf7+ Kf6 67. Nd6 Nd4 68. gxf4 gxf4 69. Ne4+ Ke5 70. Ng5 Kf5 71. Nf7 Ne6 72. Nd6+ Ke5 73. Nc4+ Kf6 74. Nd2 Ng5 75. Kg2 Ke5 76. Nc4+ Kf5 77. Nd2 Ne4 78. Nf3 Ng5 79. Nh4+ Ke4 80. Kf2 f3 81. Ng6 Kf5 82. Ne7+ Kf4 83. Nd5+ Ke5 84. Ne3 Ke4 85. h4 Nf7 86. Nc4 Kf4 87. Nd2 Ne5 88. Nb3 Ng4+ 89. Kf1 Kg3 90. Nd4 Ne3+ 91. Ke1 f2+ 92. Kd2 f1=Q 93. Kxe3 Qf2+ 94. Ke4 Kxh4 95. Nf3+ Kg3 96. Ne5 Qe2+ 97. Kf5 h4 98. Ng6 Qf2+ 99. Ke5 h3 100. Ne7 Qe1+ 101. Kf6 Qxe7+ 102. Kxe7 h2 0-1


[Site "https://www.chess.com"]

[Event "Titled Tuesday Blitz December 13 Early 2022"]
[White "Alexakis, Dimitris"]
[Black "Taboas Rodriguez, Daniel"]
[WhiteFideId "4277023"]
[BlackFideId "2208466"]
[WhiteElo "2470"]
[BlackElo "2329"]
[Result "1-0"]
[Round "09"]
[TimeControl "180+1"]
[Date "2022.12.13"]
[WhiteClock "0:00:04"]
[BlackClock "0:00:03"]

1. e4 e5 2. Nf3 Nc6 3. d4 exd4 4. Nxd4 Nf6 5. Nc3 Bb4 6. Nxc6 bxc6 7. Bd3 d5 8. exd5 O-O 9. O-O cxd5 10. Bg5 c6 11. Ne2 Bg4 12. Kh1 Re8 13. f3 Bh5 14. Nf4 Bg6 15. Nxg6 hxg6 16. c3 Bd6 17. Qa4 Qc7 18. Qh4 Nh5 19. Rae1 Bf4 20. g3 Rxe1 21. Rxe1 Nxg3+ 22. hxg3 Bxg3 23. Re7 Bxh4 24. Rxc7 Bxg5 25. Rxc6 Bc1 26. b4 Bd2 27. Bc2 Re8 28. Bb3 Re3 29. Rc8+ Kh7 30. Bxd5 f5 31. Rc6 Rxc3 32. Ra6 Rd3 33. Bf7 Rxf3 34. Bxg6+ Kh6 35. Bxf5+ Kg5 36. Be4 Re3 37. Ba8 Re7 38. b5 Be3 39. Rd6 Kf4 40. Kg2 Bb6 41. Rd2 Re3 42. Rf2+ Kg4 43. Bf3+ Kh4 44. Rc2 Ra3 45. Bd5 Rd3 46. Bf3 Rd4 47. Be2 Rd5 48. Kf3 Re5 49. Rc4+ Kg5 50. Rc2 Re3+ 51. Kg2 Kf4 52. Bf3 g5 53. Rc4+ Kf5 54. Kg3 Ra3 55. Kg2 Rxa2+ 56. Kh3 Ra3 57. Kg2 Be3 58. Bg4+ Ke5 59. Kf3 Bf4+ 60. Ke2 Kd5 61. Rc6 Rg3 62. Be6+ Ke5 63. Bc4 Re3+ 64. Kf2 g4 65. Be6 g3+ 66. Kf1 Rf3+ 67. Kg1 Rf2 68. Bh3 Be3 69. Re6+ Kd4 70. Rd6+ Kc4 71. Rc6+ Kd3 72. Rd6+ Ke4 73. Bg2+ Ke5 74. Rd5+ Ke6 75. Rd3 Re2+ 76. Kf1 Rf2+ 77. Kg1 Bb6 78. Kh1 1-0


[Site "https://www.chess.com"]

[Event "Titled Tuesday Blitz December 13 Early 2022"]
[White "Aloma Vidal, Robert"]
[Black "Redzisz, Michal"]
[WhiteFideId "2260409"]
[BlackFideId "21816107"]
[WhiteElo "2435"]
[BlackElo "2136"]
[Result "1-0"]
[Round "09"]
[TimeControl "180+1"]
[Date "2022.12.14"]
[WhiteClock "0:00:21"]
[BlackClock "0:00:01"]

1. e4 c5 2. c3 Nf6 3. e5 Nd5 4. Nf3 Nc6 5. Bc4 Nb6 6. Bb3 d6 7. exd6 Qxd6 8. Na3 Bf5 9. d4 a6 10. O-O cxd4 11. cxd4 e6 12. Re1 Be7 13. Nc4 Nxc4 14. Bxc4 O-O 15. d5 Na5 16. b3 Bf6 17. Nd4 b5 18. Be2 Qxd5 19. Bb2 Rfd8 20. Bf3 Qd7 21. Bxa8 Qa7 22. Nc6 Rxd1 23. Nxa7 Rxe1+ 24. Rxe1 Bxb2 25. Rd1 g5 26. h3 Kg7 27. g4 Bg6 28. Rd6 Bc3 29. Rxa6 1-0


[Site "https://www.chess.com"]

[Event "Titled Tuesday Blitz December 13 Early 2022"]
[White "Ambartsumova, Karina"]
[Black "Shapiro, Daniel"]
[WhiteFideId "4166299"]
[BlackFideId "2001780"]
[WhiteElo "2319"]
[BlackElo "2357"]
[Result "0-1"]
[Round "09"]
[TimeControl "180+1"]
[Date "2022.12.14"]
[WhiteClock "0:00:32"]
[BlackClock "0:00:28"]

1. Nf3 Nf6 2. g3 d5 3. Bg2 e6 4. O-O Be7 5. c4 c6 6. b3 O-O 7. Bb2 b6 8. e3 Ba6 9. Qe2 Nbd7 10. d3 Bd6 11. Nbd2 Qe7 12. e4 dxe4 13. dxe4 e5 14. Rad1 Rfe8 15. Rfe1 Rad8 16. Nf1 Bb4 17. N1d2 g6 18. Rf1 Nh5 19. Nb1 Bd6 20. Nc3 Ng7 21. Bh3 Ne6 22. Bxe6 Qxe6 23. Rd3 Nc5 24. Rd2 Bc8 25. Rfd1 Bc7 26. Rxd8 Rxd8 27. Rxd8+ Bxd8 28. Qd2 Be7 29. Ne1 Qh3 30. f3 Ne6 31. Qc2 Bc5+ 0-1


[Site "https://www.chess.com"]

[Event "Titled Tuesday Blitz December 13 Early 2022"]
[White "Andreikin, Dmitry"]
[Black "Sarana, Alexey"]
[WhiteFideId "4158814"]
[BlackFideId "24133795"]
[WhiteElo "2735"]
[BlackElo "2708"]
[Result "0-1"]
[Round "09"]
[TimeControl "180+1"]
[Date "2022.12.13"]
[WhiteClock "0:00:01"]
[BlackClock "0:00:35"]

1. Nf3 d5 2. g3 g6 3. Bg2 Bg7 4. d4 c6 5. O-O Nf6 6. b3 O-O 7. Bb2 a5 8. a3 Bf5 9. Nbd2 Nbd7 10. c4 Qb6 11. Rc1 Ne4 12. e3 Rfd8 13. cxd5 cxd5 14. Nh4 Nxd2 15. Qxd2 Be6 16. Rc3 Nf6 17. Qc2 Rac8 18. Rc1 Rxc3 19. Bxc3 Rc8 20. Qb2 Ne4 21. Nf3 a4 22. b4 Nd6 23. Nd2 Nb5 24. Qa1 h5 25. h4 Rxc3 26. Rxc3 Nxd4 27. exd4 Qxd4 28. Nb1 Qd1+ 29. Kh2 d4 30. Rc5 d3 31. Re5 d2 0-1


[Site "https://www.chess.com"]

[Event "Titled Tuesday Blitz December 13 Early 2022"]
[White "Arbunic Castro, Giovanna"]
[Black "Kuchava, Ana"]
[WhiteFideId "3400549"]
[BlackFideId "13605348"]
[WhiteElo "1925"]
[BlackElo "2001"]
[Result "0-1"]
[Round "09"]
[TimeControl "180+1"]
[Date "2022.12.14"]
[WhiteClock "0:00:01"]
[BlackClock "0:01:32"]

1. e4 c5 2. g3 Nc6 3. Bg2 Nf6 4. Ne2 d5 5. exd5 Nxd5 6. c3 e6 7. O-O Be7 8. d4 cxd4 9. cxd4 O-O 10. Nbc3 Nb6 11. b3 Bf6 12. Be3 Nb4 13. Ne4 Be7 14. N4c3 N4d5 15. Nxd5 Nxd5 16. Nf4 Nxe3 17. fxe3 Qb6 18. Rc1 Bd7 19. Nd3 Rac8 20. Ne5 Bb5 21. Re1 Bf6 22. Nc4 Qa6 23. Qf3 Bc6 24. Qf2 Bxg2 25. Kxg2 b5 26. Ne5 Bxe5 27. dxe5 Qb7+ 28. Qf3 Qb6 29. Red1 h6 30. Rxc8 Rxc8 31. Rd6 Qc5 32. Rd7 Rf8 33. Qe4 Qc3 34. Qd4 Qc2+ 35. Qd2 Qe4+ 36. Kf2 Qxe5 0-1


[Site "https://www.chess.com"]

[Event "Titled Tuesday Blitz December 13 Early 2022"]
[White "Asavasaetakul, Chawit"]
[Black "Galchenko, Matvey"]
[WhiteFideId "6204856"]
[BlackFideId "24175480"]
[WhiteElo "1919"]
[BlackElo "2404"]
[Result "0-1"]
[Round "09"]
[TimeControl "180+1"]
[Date "2022.12.13"]
[WhiteClock "0:00:30"]
[BlackClock "0:00:59"]

1. e4 e6 2. d4 d5 3. Nd2 a6 4. Ngf3 Nf6 5. Bd3 c5 6. dxc5 Bxc5 7. Qe2 Nc6 8. c3 h6 9. O-O O-O 10. e5 Nd7 11. Nb3 Ba7 12. Nbd4 Qc7 13. Re1 Bb8 14. Bf4 Nc5 15. Bc2 f5 16. Nxc6 bxc6 17. Nd4 a5 18. Qh5 a4 19. Re3 Qf7 20. Qxf7+ Kxf7 21. Nxc6 g5 22. Bg3 f4 23. Rf3 Kg7 24. Ne7 Bd7 25. Ng6 Rf7 26. Nxf4 gxf4 27. Bxf4 Rxf4 28. Rxf4 Bxe5 29. Rg4+ Kf7 30. Re1 Bf6 31. Bg6+ Ke7 32. Bh5 Rb8 33. Re2 Bb5 34. Rd2 Ne4 35. Rd1 Be2 36. Rxe4 Bxd1 0-1


[Site "https://www.chess.com"]

[Event "Titled Tuesday Blitz December 13 Early 2022"]
[White "Averjanov, Alexey"]
[Black "Omelja, Artem"]
[WhiteFideId "14109867"]
[BlackFideId "14119846"]
[WhiteElo "2637"]
[BlackElo "2404"]
[Result "1-0"]
[Round "09"]
[TimeControl "180+1"]
[Date "2022.12.14"]
[WhiteClock "0:00:19"]
[BlackClock "0:00:02"]

1. d4 Nf6 2. c4 e6 3. Nf3 b6 4. g3 Bb7 5. Bg2 Bb4+ 6. Nbd2 O-O 7. O-O d5 8. b3 Ne4 9. Bb2 Nd7 10. Rc1 Ndf6 11. e3 a5 12. a3 Bd6 13. Nxe4 Nxe4 14. Nd2 f5 15. f3 Nf6 16. c5 Be7 17. b4 axb4 18. axb4 Ra2 19. Qb3 Ra7 20. c6 Ba6 21. b5 Bc8 22. Ra1 Rxa1 23. Rxa1 Bd6 24. Ra8 Qe7 25. f4 Rd8 26. Nf3 Ne4 27. Ne5 Bxe5 28. fxe5 Nd2 29. Qa3 Qg5 30. Bc1 Nc4 31. Qa7 Qe7 32. Ba3 Qf7 33. Qb8 h6 34. Ra7 Kh7 35. Qxc7 Qxc7 36. Rxc7 Nxa3 37. Bf1 Nc2 38. Kf2 Re8 39. Ra7 Nb4 40. Ke1 Nc2+ 41. Kd2 Nxe3 42. Kxe3 Kg6 43. Be2 h5 44. Kf4 Kh6 45. h4 Kg6 46. Ra8 Bd7 47. Ra6 Bc8 48. Rxb6 Re7 49. Rb8 Rc7 50. Bd3 Kh6 51. Bc2 Ra7 52. Rxc8 Ra1 53. b6 Rf1+ 54. Ke3 1-0


[Site "https://www.chess.com"]

[Event "Titled Tuesday Blitz December 13 Early 2022"]
[White "Avinash, Ramesh"]
[Black "Araujo Sanchez, Josue"]
[WhiteFideId "45018340"]
[BlackFideId "6416896"]
[WhiteElo "2264"]
[BlackElo "2370"]
[Result "1-0"]
[Round "09"]
[TimeControl "180+1"]
[Date "2022.12.13"]
[WhiteClock "0:01:06"]
[BlackClock "0:00:23"]

1. e4 c5 2. Nc3 g6 3. d4 cxd4 4. Qxd4 Nf6 5. Nf3 Nc6 6. Qa4 d6 7. e5 dxe5 8. Nxe5 Bd7 9. Nxd7 Nxd7 10. Be3 Bg7 11. O-O-O O-O 12. h4 Qc8 13. h5 Nb6 14. Qh4 Bf6 15. Bg5 Qf5 16. Bxf6 Qxf6 17. hxg6 Qxh4 18. gxf7+ Rxf7 19. Rxh4 Rxf2 20. Ne4 Rff8 21. Ng5 Rad8 22. Bd3 Ne5 23. Bxh7+ Kh8 24. Bf5+ Kg8 25. Bh7+ Kh8 26. Rdh1 Rd6 27. Bd3+ Kg7 28. Rh7+ Kf6 29. Ne4+ Ke6 30. Nxd6 Kxd6 31. Be4 Rf2 32. b3 Ng4 33. Rd1+ Kc5 34. Rxe7 1-0


[Site "https://www.chess.com"]

[Event "Titled Tuesday Blitz December 13 Early 2022"]
[White "Babazada, Khazar"]
[Black "Vidit, Santosh Gujrathi"]
[WhiteFideId "13413554"]
[BlackFideId "5029465"]
[WhiteElo "2359"]
[BlackElo "2669"]
[Result "1-0"]
[Round "09"]
[TimeControl "180+1"]
[Date "2022.12.13"]
[WhiteClock "0:00:12"]
[BlackClock "0:00:01"]

1. e4 c6 2. d4 d5 3. Nc3 dxe4 4. Nxe4 Bf5 5. Ng3 Bg6 6. Nf3 Nd7 7. h4 h6 8. h5 Bh7 9. Bd3 Bxd3 10. Qxd3 e6 11. Bd2 Ngf6 12. O-O-O Qc7 13. Ne4 O-O-O 14. g3 Nxe4 15. Qxe4 Nf6 16. Qe2 Rd5 17. Bf4 Bd6 18. Bxd6 Rxd6 19. Ne5 Rhd8 20. c3 c5 21. dxc5 Rxd1+ 22. Rxd1 Rxd1+ 23. Kxd1 Qxc5 24. Nxf7 Qd5+ 25. Kc2 Nxh5 26. Nd6+ Qxd6 27. Qxh5 Qf8 28. f4 Qf6 29. Qc5+ Kb8 30. Qd6+ Kc8 31. Qc5+ Kb8 32. Qd6+ Ka8 33. a4 a6 34. b4 Qg6+ 35. Qd3 Qg4 36. b5 axb5 37. axb5 Qh5 38. b6 Qe8 39. Qd6 Qa4+ 40. Kd2 Qa2+ 41. Ke3 1-0


[Site "https://www.chess.com"]

[Event "Titled Tuesday Blitz December 13 Early 2022"]
[White "Bagwe Gaurang"]
[Black "Todorovic, Bojan"]
[WhiteFideId "45039895"]
[BlackFideId "917087"]
[WhiteElo "1847"]
[BlackElo "2266"]
[Result "0-1"]
[Round "09"]
[TimeControl "180+1"]
[Date "2022.12.14"]
[WhiteClock "0:00:12"]
[BlackClock "0:00:26"]

1. e4 g6 2. Nc3 Bg7 3. b3 Nf6 4. Rb1 d5 5. exd5 Nxd5 6. Nxd5 Qxd5 7. Nf3 O-O 8. Bc4 Qe4+ 9. Qe2 Qxe2+ 10. Kxe2 Nc6 11. h3 Nb4 12. c3 Bf5 13. Rb2 Nc6 14. d4 e5 15. d5 Na5 16. Nh4 Nxc4 17. bxc4 Bc8 18. Be3 b6 19. c5 Ba6+ 20. Kf3 f5 21. Rc1 f4 22. cxb6 axb6 23. Bd2 g5 24. Nf5 Rxf5 25. Ke4 Rff8 26. c4 Bb7 27. c5 Ra4+ 28. Bb4 bxc5 29. Rxc5 Rd8 30. Rb5 Ba8 31. Kf5 Bxd5 32. Be7 Be4+ 33. Ke6 Ra6+ 34. Rb6 Rxb6+ 35. Rxb6 cxb6 36. Bxd8 b5 37. g3 h6 38. h4 gxh4 39. gxh4 Bb1 40. a3 e4 41. Bb6 e3 42. fxe3 f3 43. e4 Bxe4 44. h5 Bc3 45. Bf2 Bb2 46. Be3 Kh7 47. Kd6 Bxa3+ 48. Ke5 Bb7 49. Kf4 Bd6+ 50. Kg4 b4 51. Kh3 b3 52. Bd4 f2 53. Bxf2 b2 54. Bh4 b1=Q 55. Be1 Qd3+ 56. Kh4 Qe4+ 57. Kh3 Qg2+ 58. Kh4 Be7# 0-1


[Site "https://www.chess.com"]